 Dungeon Crawl Stone Soup version 0.31-a0-971-g75a2e9a4b4 (webtiles) character file.

Game seed: 14309783962112158668

2905 timneilson the Shield-Bearer (level 9, -15/82 HPs)
             Began as a Gargoyle Fighter on Oct 28, 2023.
             Was a Believer of Qazlal.
             Demolished by a cyclops (23 damage)
             ... on level 7 of the Dungeon.
             The game lasted 00:19:39 (5505 turns).

timneilson the Shield-Bearer (Gargoyle Fighter)     Turns: 5505, Time: 00:19:40

Health: -15/82     AC: 25    Str: 18    XL:     9   Next: 78%
Magic:  12/12      EV:  9    Int:  9    God:    Qazlal [**....]
Gold:   321        SH: 15    Dex: 13    Spells: 8/8 levels left

rFire   + . .        d - +0 scimitar
rCold   + . .        c - +1 buckler
rNeg    + . .        x - +2 chain mail {rF+}
rPois   ∞            (no helmet)
rElec   +            (no cloak)
rCorr   .            j - +0 pair of gloves
SInv    .            q - +0 pair of boots
Will    +....        i - amulet of reflection Stlth
                     f - ring of protection from cold
HPRegen 0.33/turn    p - +4 ring of protection
MPRegen 0.13/turn

%: reflection
@: berserking, enlightened, flying, very quick
A: sickness immunity, AC +6, negative energy resistance 1, electricity
resistance, torment resistance 1, petrification resistance, weak 1
a: Renounce Religion, Upheaval


You were on level 7 of the Dungeon.
You worshipped Qazlal.
Qazlal was pleased with you.
You visited 2 branches of the dungeon, and saw 8 of its levels.

You collected 321 gold pieces.

Inventory:

Hand Weapons
 a - a +0 long sword
 d - a +0 scimitar (weapon)
Missiles
 g - 2 throwing nets
Armour
 c - a +1 buckler (worn)
 j - a +0 pair of gloves (worn)
 m - a +0 plate armour
 q - a +0 pair of boots (worn)
 x - a +2 chain mail of fire resistance (worn)
Jewellery
 f - a ring of protection from cold (left hand)
 i - an amulet of reflection (around neck)
 k - a ring of see invisible
 p - a +4 ring of protection (right hand)
Wands
 u - a wand of digging (8)
Scrolls
 b - 2 scrolls of teleportation
 r - a scroll of revelation
Potions
 e - a potion of brilliance
 l - a potion of resistance
 n - a potion of attraction


   Skills:
 + Level 6.0 Fighting
 * Level 5.9 Long Blades
 * Level 7.6 Armour
 + Level 3.3 Dodging
 * Level 7.7 Shields
 + Level 4.1 Invocations
 + Level 0.0 Evocations


You had 8 spell levels left.
You didn't know any spells.
Your spell library contained the following spells:

 Spells                   Type           Power      Damage    Failure   Level
 Apportation              Tloc           0%         N/A       98%         1
 Necrotise                Necr           0%         1d4       98%         1
 Summon Small Mammal      Summ           0%         N/A       98%         1


Dungeon Overview and Level Annotations

Branches:
Dungeon (7/15)             Temple (1/1) D:4

Altars:
Ashenzari
Cheibriados
Dithmenos
Elyvilon
Fedhas
Gozag
Hepliaklqana
Makhleb
Nemelex Xobeh
Okawaru
Qazlal
Ru
Trog
Uskayaw
Vehumet
Wu Jian
Xom
Zin
The Shining One


Innate Abilities, Weirdness & Mutations

You are immune to sickness and miasma.
Your stone body is resilient. (AC +6)
You are immune to poison.
You resist negative energy. (rN+)
You are resistant to electric shocks. (rElec)
You are resistant to unholy torment.
You are immune to petrification.
You are weak. (Str -2)


Message History

You fly up into the air.
It was a potion of magic.
Magic courses through your body. You block the cyclops's attack.
You hit the cyclops.
The cyclops is lightly wounded.
The cyclops hits you!
* * * LOW HITPOINT WARNING * * *
You barely miss the cyclops.
The cyclops is lightly wounded.
You slash the cyclops!
The cyclops is moderately wounded.
You block the cyclops's attack.
You hit the cyclops but do no damage.
The cyclops is moderately wounded.
The cyclops hits you.
* * * LOW HITPOINT WARNING * * *
You hit the cyclops.
The cyclops is heavily wounded.
You block the cyclops's attack.
You hit the cyclops.
The cyclops is heavily wounded.
You block the cyclops's attack.
You hit the cyclops.
The cyclops is heavily wounded.
You hit the cyclops but do no damage.
The cyclops is heavily wounded.
You block the cyclops's attack.
Unknown command.
You hit the cyclops.
The cyclops is severely wounded.
You block the cyclops's attack.
A red film seems to cover your vision as you go berserk!
You feel yourself moving faster!
You feel mighty! The cyclops hits you.
* * * LOW HITPOINT WARNING * * *
You hit the cyclops.
The cyclops is severely wounded.
You barely miss the cyclops.
The cyclops is severely wounded.
The cyclops hits you!!
You die...

#........#.#
.#........#.#
..........#.#
########.###.#
#.###.#
#...#.#
#.#.#.####
#........#
###@#.##.#
#.C.>.#
#.##### #.#
#......#
......#.#
.....##.#
..... #.# ...#
#.#


You could see a cyclops.

Vanquished Creatures
  2 shadows (D:6)
  5 yaks (D:6)
  A vampire (D:6)
  Edmund (D:6)
  Duvessa (D:5)
  An ice beast (D:6)
  3 phantoms (D:5)
  Blork the orc (D:5)
  2 kobold brigands (D:6)
  3 scorpions
  Dowan (D:5)
  A howler monkey (D:6)
  4 hounds
  A jelly (D:5)
  2 orc priests
  4 iguanas
  8 orc wizards
  Natasha (thrice) (D:3)
  9 adders
  A shadow imp (D:6)
  A dart slug (D:1)
  24 orcs
  2 bats
  10 endoplasms
  4 giant cockroaches
  A goblin (D:1)
  8 hobgoblins
  6 jackals
  20 kobolds
  A quokka (D:1)
  6 ball pythons
  3 frilled lizards
  3 rats
143 creatures vanquished.

Notes
Turn   | Place    | Note
-------+----------+-------------------------------------------
     0 | D:1      | timneilson the Gargoyle Fighter began the quest for the
                  | Orb.
     0 | D:1      | Reached XP level 1. HP: 14/14 MP: 1/1
   357 | D:1      | Reached XP level 2. HP: 19/19 MP: 2/2
   721 | D:1      | Reached XP level 3. HP: 18/23 MP: 3/3
  1121 | D:2      | You fall into a shaft and drop 1 floor!
  1160 | D:2      | Identified the +2 robe of Spring {rC+ SInv Stlth-}
  1182 | D:2      | Reached XP level 4. HP: 28/28 MP: 4/4
  1627 | D:3      | Noticed Natasha
  1643 | D:3      | Killed Natasha
  1667 | D:3      | Reached skill level 1 in Dodging
  1711 | D:3      | Reached XP level 5. HP: 27/33 MP: 5/5
  1815 | D:3      | Noticed Natasha
  1822 | D:3      | Killed Natasha
  1974 | D:3      | Noticed Natasha
  1979 | D:3      | Killed Natasha
  2233 | D:4      | Found a staircase to the Ecumenical Temple.
  2277 | Temple   | Entered the Ecumenical Temple
  2310 | Temple   | Became a worshipper of Qazlal Stormbringer
  2433 | D:4      | Reached XP level 6. HP: 38/38 MP: 6/6
  2555 | D:4      | Found a sacrificial altar of Ru.
  2559 | D:4      | Found a sparkling altar of Nemelex Xobeh.
  2753 | D:5      | Entered Level 5 of the Dungeon
  3014 | D:5      | Reached skill level 5 in Shields
  3014 | D:5      | Reached skill level 1 in Invocations
  3098 | D:5      | Reached XP level 7. HP: 42/43 MP: 7/7
  3120 | D:5      | Noticed Duvessa
  3120 | D:5      | Noticed Dowan
  3147 | D:5      | Killed Duvessa
  3148 | D:5      | Reached skill level 5 in Armour
  3169 | D:5      | Killed Dowan
  3412 | D:5      | Reached * piety under Qazlal
  3434 | D:5      | Noticed Blork the orc
  3454 | D:5      | Killed Blork the orc
  3475 | D:5      | Reached XP level 8. HP: 27/48 MP: 9/9
  3480 | D:5      | Found an ornate altar of the Wu Jian Council.
  4075 | D:6      | Noticed a yak
  4075 | D:6      | Noticed a yak
  4089 | D:6      | Noticed a yak
  4091 | D:6      | Noticed a yak
  4092 | D:6      | Noticed a yak
  4109 | D:6      | Killed a yak
  4122 | D:6      | Killed a yak
  4123 | D:6      | Reached skill level 5 in Fighting
  4127 | D:6      | Killed a yak
  4147 | D:6      | Killed a yak
  4157 | D:6      | Killed a yak
  4158 | D:6      | Reached skill level 5 in Long Blades
  4158 | D:6      | Reached XP level 9. HP: 52/54 MP: 11/11
  4410 | D:6      | Identified the +6 shortbow of Gutiuf {drain, SInv}
  4449 | D:6      | Reached ** piety under Qazlal
  4539 | D:6      | Noticed Edmund
  4569 | D:6      | Killed Edmund
  4637 | D:6      | Found a burning altar of Makhleb.
  5482 | D:7      | Noticed a cyclops
  5490 | D:7      | Gained mutation: You are weak. (Str -2) [potion of
                  | mutation]
  5505 | D:7      | Demolished by a cyclops

Illustrated notes

Levels and vault maps discovered:
D:1:      dpeg_arrival_castle, layout_basic, feat_on_display
D:2:      layout_rooms
D:3:      layout_loops_ring, uniq_natasha
D:4:      layout_basic, mainiacjoe_overflow_catwalk_spiral,
          minmay_temple_entry_sparse_star
D:5:      lemuel_ice_spiral_2, layout_basic, nicolae_wu_jian_wuxing_cycle,
          uniq_blork_the_orc, uniq_duvessa
D:6:      minmay_chambers_of_sixes, layout_cave_pods, kennysheep_mini,
          uniq_edmund
D:7:      minmay_opposing_rooms, layout_basic, item_on_display_a,
          uniq_crazy_yiuf_cottage, uniq_joseph
Temple:   regret_index_temple_generic_petals

Skill      XL: |  1  2  3  4  5  6  7  8  9 |
---------------+----------------------------+-----
Long Blades    | 2 3 4 5 |  5.9
Shields        | 4 5 6 7 |  7.7
Armour         | 4 5 6 7 |  7.6
Dodging        | 1 2 3 |  3.3
Fighting       | 4 5 6 |  6.0
Invocations    | 1 2 3 4 |  4.1

Action                     |  1- 3 |  4- 6 |  7- 9 || total
---------------------------+-------+-------+-------++-------
  Melee: Long sword        |   103 |   171 |   130 ||   404
         Scimitar          |       |       |   365 ||   365
    Use: Scroll            |     1 |     8 |     5 ||    14
         Potion            |       |     3 |     9 ||    12
 Armour: Scale mail        |    67 |    17 |       ||    84
         Chain mail        |       |   124 |   297 ||   421
  Dodge: Dodged            |    50 |    51 |   122 ||   223
  Block: Buckler           |    19 |    70 |   295 ||   384
         Reflection        |       |     1 |     3 ||     4

Table legend: (Time is in decaauts)
 A = Elapsed time spent in this place.
 B = Non-inter-level travel time spent in this place.
 C = Inter-level travel time spent in this place.
 D = Time resting spent in this place.
 E = Time spent auto-exploring this place.
 F = Levels seen in this place.
 G = Mean time per level.
                   A        B        C        D        E       F      G
               +--------+--------+--------+--------+--------+-----+--------+
         Total |   5691 |   5500 |    191 |      0 |   3485 |   8 |  711.4 |
       Dungeon |   5625 |   5495 |    130 |      0 |   3485 |   7 |  803.6 |
        Temple |     65 |      4 |     61 |      0 |      0 |   1 |   65.0 |
               +--------+--------+--------+--------+--------+-----+--------+

Top non-repeatable levels by time:
     D:6: 1480 daAuts
     D:5: 1238 daAuts
     D:1: 932 daAuts
     D:3: 715 daAuts
     D:4: 610 daAuts
     D:2: 531 daAuts
     D:7: 117 daAuts
  Temple: 65 daAuts
